PL
BOSTON PATRIOTS @ ST. LOUIS COEUR
08/15/2042
 
TOP OF THE 1ST
Boston Patriots batting - Pitching for St. Louis Coeur : LHP Ralph Greer
Pitching: LHP Ralph Greer
Batting: SHB Eisse van Opdorp 0-0: Ball
1-0: Ball
2-0: Foul Ball, location: 2F
2-1: Fly out, F7 (Flyball, 7S, EV 86.2 MPH)
Batting: RHB Yu-shu Kang 0-0: Swinging Strike
0-1: Ball
1-1: Swinging Strike
1-2: Foul Ball, location: 2F
1-2: Foul Ball, location: 2F
1-2: Ball
2-2: Strikes out looking
Batting: RHB Tyler Bowen 0-0: SOLO HOME RUN (Flyball, 78XD, EV 91.2 MPH), Distance : 445 ft
Batting: RHB Frank Ray 0-0: Ball
1-0: Ball
2-0: Called Strike
2-1: DOUBLE (Line Drive, 9LM, EV 98.8 MPH)
Batting: RHB Alfredo Araújo 0-0: Fly out, F6 (Line Drive, 6, EV 65.6 MPH)
Top of the 1st over - 1 run, 2 hits, 0 errors, 1 left on base; Boston 1 - St. Louis 0
BOTTOM OF THE 1ST
St. Louis Coeur batting - Pitching for Boston Patriots : RHP Brian Duncan
Pitching: RHP Brian Duncan
Batting: RHB Nobuhisa Murakami 0-0: Called Strike
0-1: DOUBLE (Line Drive, 8RXD, EV 102.5 MPH)
Batting: LHB Harry Cornelis 0-0: Ball
1-0: Foul Ball, location: 2F
1-1: Ball
2-1: Foul Ball, location: 2F
2-2: Ground out 5-3 (Groundball, 5L, EV 90.0 MPH)
Batting: LHB Qing-nian Zexian 0-0: Foul Ball, location: 2F
0-1: Hit by Pitch
Batting: RHB Jaime Soto 0-0: Ball
1-0: Swinging Strike
1-1: Foul Ball, location: 2F
1-2: Ball
2-2: Ball
3-2: Grounds into double play, 6-4-3 (Groundball, 6, EV 92.5 MPH)
Bottom of the 1st over - 0 runs, 1 hit, 0 errors, 1 left on base; Boston 1 - St. Louis 0
TOP OF THE 2ND
Boston Patriots batting - Pitching for St. Louis Coeur : LHP Ralph Greer
Batting: LHB Jorge Herrera 0-0: Called Strike
0-1: Called Strike
0-2: Ball
1-2: Strikes out swinging
Batting: RHB Juan Dávila 0-0: Foul Ball, location: 2F
0-1: Ball
1-1: Ball
2-1: Called Strike
2-2: Reached on error, E5 (Groundball, 56S, EV 90.0 MPH)
Batting: LHB Juan Andrés Martí 0-0: Called Strike
0-1: Fly out, F9 (Line Drive, 9, EV 95.6 MPH)
Runner from 2nd tags up, SAFE at 3rd with throw by RF
Batting: RHB Jon Osterman 0-0: Called Strike
0-1: Ground out 5-3 (Groundball, 56, EV 103.1 MPH)
Top of the 2nd over - 0 runs, 0 hits, 1 error, 1 left on base; Boston 1 - St. Louis 0
BOTTOM OF THE 2ND
St. Louis Coeur batting - Pitching for Boston Patriots : RHP Brian Duncan
Batting: LHB Jae-seop Byeon 0-0: Ball
1-0: Foul Ball, location: 2F
1-1: Ball
2-1: Fly out, F8 (Flyball, 8LS, EV 85.0 MPH)
Batting: RHB Joel Iyiegbuniwe 0-0: Ball
1-0: Ground out 6-3 (Groundball, 56, EV 83.8 MPH)
Batting: RHB Guillermo Coss 0-0: Ball
1-0: Foul Ball, location: 2F
1-1: Ground out 4-3 (Groundball, 4, EV 76.9 MPH)
Bottom of the 2nd over - 0 runs, 0 hits, 0 errors, 0 left on base; Boston 1 - St. Louis 0
TOP OF THE 3RD
Boston Patriots batting - Pitching for St. Louis Coeur : LHP Ralph Greer
Batting: SHB Eisse van Opdorp 0-0: Called Strike
0-1: Foul Ball, location: 2F
0-2: Ball
1-2: Ball
2-2: Ball
3-2: DOUBLE (Line Drive, 9LS, EV 95.6 MPH)
Batting: RHB Yu-shu Kang 0-0: Ground out 4-3 (Groundball, 4, EV 99.4 MPH)
Eisse van Opdorp to third
Batting: RHB Tyler Bowen 0-0: Ball
1-0: Called Strike
1-1: Ball
2-1: Ground out 1-3 (Groundball, 15S, EV 68.8 MPH)
Batting: RHB Frank Ray 0-0: Ball
1-0: Ball
2-0: Ball
3-0: Base on Balls
Batting: RHB Alfredo Araújo 0-0: Ball
1-0: Ball
2-0: Ball
3-0: Called Strike
3-1: Reached on error, E6 (Groundball, 6D, EV 81.2 MPH)
Eisse van Opdorp scores
Frank Ray to second
Batting: LHB Jorge Herrera 0-0: Ball
1-0: Ground out 4-3 (Groundball, 4, EV 82.5 MPH)
Top of the 3rd over - 1 run, 1 hit, 1 error, 2 left on base; Boston 2 - St. Louis 0
BOTTOM OF THE 3RD
St. Louis Coeur batting - Pitching for Boston Patriots : RHP Brian Duncan
Batting: RHB Ik-jun Cho 0-0: Foul Ball, location: 2F
0-1: Foul Ball, location: 2F
0-2: Foul Ball, location: 2F
0-2: Ball
1-2: Ball
2-2: Fly out, F9 (Flyball, 9LM, EV 95.0 MPH)
Batting: LHB Pedro Marrero 0-0: Ball
1-0: Called Strike
1-1: Ground out 6-3 (Groundball, 6, EV 96.2 MPH)
Batting: RHB Nobuhisa Murakami 0-0: Called Strike
0-1: Swinging Strike
0-2: Strikes out swinging
Bottom of the 3rd over - 0 runs, 0 hits, 0 errors, 0 left on base; Boston 2 - St. Louis 0
TOP OF THE 4TH
Boston Patriots batting - Pitching for St. Louis Coeur : LHP Ralph Greer
Batting: RHB Juan Dávila 0-0: Fly out, F6 (Line Drive, 6, EV 68.8 MPH)
Batting: LHB Juan Andrés Martí 0-0: Called Strike
0-1: Called Strike
0-2: Ball
1-2: Ball
2-2: Foul Ball, location: 2F
2-2: Ball
3-2: Base on Balls
Batting: RHB Jon Osterman 0-0: Ball
1-0: Called Strike
1-1: Fly out, F8 (Flyball, 8LM, EV 87.5 MPH)
Batting: SHB Eisse van Opdorp 0-0: Ball
1-0: Called Strike
Juan Andrés Martí steals 2nd base
1-1: Ball
2-1: Ground out 6-3 (Groundball, 6, EV 84.4 MPH)
Top of the 4th over - 0 runs, 0 hits, 0 errors, 1 left on base; Boston 2 - St. Louis 0
BOTTOM OF THE 4TH
St. Louis Coeur batting - Pitching for Boston Patriots : RHP Brian Duncan
Batting: LHB Harry Cornelis 0-0: Ball
1-0: Called Strike
1-1: Ball
2-1: Ball
3-1: Called Strike
3-2: Foul Ball, location: 2F
3-2: Foul Ball, location: 2F
3-2: SINGLE (Line Drive, 6D, EV 97.5 MPH)
Batting: LHB Qing-nian Zexian 0-0: Ball
Harry Cornelis steals 2nd base (no throw)
1-0: Ball
2-0: Ball
3-0: Called Strike
3-1: Base on Balls
Batting: RHB Jaime Soto 0-0: Ball
1-0: Called Strike
1-1: Foul Ball, location: 2F
1-2: Ball
2-2: Ball
3-2: SINGLE (Flyball, 89M, EV 86.9 MPH)
Harry Cornelis to third
Qing-nian Zexian to second
Batting: LHB Jae-seop Byeon 0-0: Ball
1-0: Called Strike
1-1: Fly out, F7 (Flyball, 7, EV 96.9 MPH)
Throwing error, E7
Harry Cornelis scores
Qing-nian Zexian to third
Jaime Soto to second
Batting: RHB Joel Iyiegbuniwe 0-0: Swinging Strike
0-1: Ball
1-1: Foul Ball, location: 2F
1-2: Ball
2-2: Foul Ball, location: 2F
2-2: Ball
3-2: Strikes out looking
Pitching: RHP Aldo Ottens
Batting: RHB Guillermo Coss 0-0: Called Strike
0-1: Ground out 5-3 (Groundball, 56, EV 88.8 MPH)
Bottom of the 4th over - 1 run, 2 hits, 1 error, 2 left on base; Boston 2 - St. Louis 1
TOP OF THE 5TH
Boston Patriots batting - Pitching for St. Louis Coeur : LHP Ralph Greer
Batting: RHB Yu-shu Kang 0-0: Foul Ball, location: 2F
0-1: Ball
1-1: Ball
2-1: Fly out, F8 (Flyball, 8RS, EV 72.5 MPH)
Batting: RHB Tyler Bowen 0-0: Ball
1-0: SOLO HOME RUN (Line Drive, 89XD, EV 100.0 MPH), Distance : 430 ft
Batting: RHB Frank Ray 0-0: Ball
1-0: Fly out, F7 (Flyball, 7LMF, EV 78.1 MPH)
Batting: RHB Alfredo Araújo 0-0: Called Strike
0-1: Ball
1-1: Ball
2-1: Foul Ball, location: 2F
2-2: Fly out, F6 (Popup, 6MS, EV 65.0 MPH)
Top of the 5th over - 1 run, 1 hit, 0 errors, 0 left on base; Boston 3 - St. Louis 1
BOTTOM OF THE 5TH
St. Louis Coeur batting - Pitching for Boston Patriots : RHP Aldo Ottens
Batting: RHB Ik-jun Cho 0-0: Foul Ball, location: 2F
0-1: Ball
1-1: Ball
2-1: Foul Ball, location: 2F
2-2: Ball
3-2: Foul Ball, location: 2F
3-2: Foul Ball, location: 2F
3-2: Ground out 6-3 (Groundball, 6, EV 101.2 MPH)
Batting: LHB Pedro Marrero 0-0: Foul Ball, location: 2F
0-1: Ground out 4-3 (Groundball, 4M, EV 105.6 MPH)
Batting: RHB Nobuhisa Murakami 0-0: Ball
1-0: Ball
2-0: Ball
3-0: Fly out, F8 (Flyball, 78D, EV 100.6 MPH)
Bottom of the 5th over - 0 runs, 0 hits, 0 errors, 0 left on base; Boston 3 - St. Louis 1
TOP OF THE 6TH
Boston Patriots batting - Pitching for St. Louis Coeur : LHP Ralph Greer
Batting: LHB Jorge Herrera 0-0: Called Strike
0-1: SOLO HOME RUN (Flyball, 8RXD, EV 91.9 MPH), Distance : 456 ft
Batting: RHB Juan Dávila 0-0: Ball
1-0: Foul Ball, location: 2F
1-1: Ground out 5-3 (Groundball, 56S, EV 77.5 MPH)
Batting: LHB Juan Andrés Martí 0-0: Ball
1-0: Foul Ball, location: 2F
1-1: Foul Ball, location: 2F
1-2: SINGLE (Line Drive, 4MD, EV 94.4 MPH)
Batting: RHB Jon Osterman 0-0: Ball
1-0: Called Strike
1-1: DOUBLE (Line Drive, 9LS, EV 105.6 MPH)
Juan Andrés Martí to third
Runner from 3rd tries for Home, SAFE, throw by RF to trailing runner, SAFE at third!
Pitching: RHP Marcel Bloemheuvel
Batting: SHB Eisse van Opdorp 0-0: Ball
1-0: Called Strike
1-1: Swinging Strike
1-2: Strikes out looking
Batting: RHB Yu-shu Kang 0-0: Ball
1-0: Ball
2-0: Fly out, F8 (Flyball, 8LD, EV 92.5 MPH)
Top of the 6th over - 2 runs, 3 hits, 0 errors, 1 left on base; Boston 5 - St. Louis 1
BOTTOM OF THE 6TH
St. Louis Coeur batting - Pitching for Boston Patriots : RHP Aldo Ottens
Batting: LHB Harry Cornelis 0-0: Called Strike
0-1: Foul Ball, location: 2F
0-2: Strikes out swinging
Batting: LHB Qing-nian Zexian 0-0: Swinging Strike
0-1: Swinging Strike
0-2: Strikes out looking
Batting: RHB Jaime Soto 0-0: Called Strike
0-1: SINGLE (Line Drive, 8RS, EV 98.8 MPH)
Batting: LHB Jae-seop Byeon 0-0: Called Strike
0-1: SINGLE (Line Drive, 9S, EV 111.2 MPH)
Jaime Soto to second
Batting: RHB Joel Iyiegbuniwe 0-0: Ball
1-0: Called Strike
1-1: Foul Ball, location: 2F
1-2: Ball
2-2: SINGLE (Line Drive, 9S, EV 86.9 MPH)
Jaime Soto to third
Jae-seop Byeon to second
Runner from 3rd tries for Home, SAFE, throw by RF to home
Batting: RHB Guillermo Coss 0-0: Ball
1-0: Called Strike
1-1: Called Strike
1-2: Foul Ball, location: 2F
1-2: Foul Ball, location: 2F
1-2: Ball
2-2: Ball
3-2: Base on Balls
Jae-seop Byeon to third
Joel Iyiegbuniwe to second
Batting: RHB Ik-jun Cho 0-0: Called Strike
0-1: Swinging Strike
0-2: Ball
1-2: Foul Ball, location: 2F
1-2: Fielders Choice at 2nd, 6-4 (Groundball, 6D, EV 102.5 MPH)
Bottom of the 6th over - 1 run, 3 hits, 0 errors, 3 left on base; Boston 5 - St. Louis 2
TOP OF THE 7TH
Boston Patriots batting - Pitching for St. Louis Coeur : RHP Marcel Bloemheuvel
Pitching: LHP Denie Ulderink
Batting: RHB Tyler Bowen 0-0: Swinging Strike
0-1: Foul Ball, location: 2F
0-2: Ground out 6-3 (Groundball, 6S, EV 81.2 MPH)
Batting: RHB Frank Ray 0-0: Called Strike
0-1: Ball
1-1: Ball
2-1: Ball
3-1: Base on Balls
Batting: RHB Alfredo Araújo 0-0: Ball
1-0: Foul Ball, location: 2F
1-1: Fly out, F4 (Popup, 3D, EV 53.1 MPH)
Batting: LHB Jorge Herrera 0-0: Ball
1-0: Swinging Strike
1-1: Foul Ball, location: 2F
1-2: Foul Ball, location: 2F
1-2: SINGLE (Flyball, 78S, EV 86.9 MPH)
Frank Ray to second
Batting: RHB Juan Dávila 0-0: Ball
1-0: Swinging Strike
1-1: SINGLE (Line Drive, 6MD, EV 107.5 MPH)
Frank Ray to third
Jorge Herrera to second
Runner from 3rd tries for Home, SAFE, no throw by CF
Batting: LHB Juan Andrés Martí 0-0: Foul Ball, location: 2F
0-1: Ball
1-1: Swinging Strike
1-2: Strikes out swinging
Top of the 7th over - 1 run, 2 hits, 0 errors, 2 left on base; Boston 6 - St. Louis 2
BOTTOM OF THE 7TH
St. Louis Coeur batting - Pitching for Boston Patriots : RHP Aldo Ottens
Batting: LHB Pedro Marrero 0-0: Foul Ball, location: 2F
0-1: Called Strike
0-2: Ball
1-2: Ball
2-2: Strikes out looking
Batting: RHB Nobuhisa Murakami 0-0: Ball
1-0: Foul Ball, location: 2F
1-1: Ball
2-1: Foul Ball, location: 2F
2-2: Ground out 6-3 (Groundball, 6S, EV 85.0 MPH)
Pitching: LHP Jorge Gil
Batting: LHB Harry Cornelis 0-0: Ball
1-0: Swinging Strike
1-1: Foul Ball, location: 2F
1-2: Foul Ball, location: 2F
1-2: Ball
2-2: Ball
3-2: Strikes out swinging
Bottom of the 7th over - 0 runs, 0 hits, 0 errors, 0 left on base; Boston 6 - St. Louis 2
TOP OF THE 8TH
Boston Patriots batting - Pitching for St. Louis Coeur : LHP Denie Ulderink
Batting: RHB Jon Osterman 0-0: Ball
1-0: Foul Ball, location: 2F
1-1: Foul Ball, location: 2F
1-2: Ground out 1-3 (Groundball, 15, EV 85.6 MPH)
Batting: SHB Eisse van Opdorp 0-0: Ball
1-0: Swinging Strike
1-1: Foul Ball, location: 2F
1-2: Foul Ball, location: 2F
1-2: Ball
2-2: Ground out 6-3 (Groundball, 6S, EV 90.6 MPH)
Batting: RHB Yu-shu Kang 0-0: Called Strike
0-1: Called Strike
0-2: Fly out, F8 (Flyball, 8RD, EV 94.4 MPH)
Top of the 8th over - 0 runs, 0 hits, 0 errors, 0 left on base; Boston 6 - St. Louis 2
BOTTOM OF THE 8TH
St. Louis Coeur batting - Pitching for Boston Patriots : LHP Jorge Gil
Batting: LHB Qing-nian Zexian 0-0: Foul Ball, location: 2F
0-1: Called Strike
0-2: Ball
1-2: Ball
2-2: SINGLE (Groundball, 6MD, EV 103.8 MPH)
Batting: RHB Jaime Soto 0-0: Ball
1-0: SINGLE (Groundball, 6MD, EV 100.0 MPH)
Qing-nian Zexian to second
Batting: LHB Jae-seop Byeon 0-0: Foul Ball, location: 2F
0-1: Ball
1-1: Ball
2-1: Foul Ball, location: 2F
2-2: SINGLE (Line Drive, 78M, EV 105.0 MPH)
Qing-nian Zexian to third
Jaime Soto to second
Runner from 3rd tries for Home, SAFE, throw by CF to home
Batting: RHB Joel Iyiegbuniwe 0-0: Ground out U3 (Groundball, 3S, EV 68.1 MPH)
Jaime Soto to third
Jae-seop Byeon to second
Batting: RHB Guillermo Coss 0-0: Called Strike
0-1: Foul Ball, location: 2F
0-2: Foul Ball, location: 2F
0-2: Ball
1-2: Foul Ball, location: 2F
1-2: Foul Ball, location: 2F
1-2: Foul Ball, location: 2F
1-2: Ball
2-2: Ball
3-2: Foul Ball, location: 2F
3-2: Foul Ball, location: 2F
3-2: Strikes out swinging
Pitching: RHP Grover Lowdermilk
Batting: RHB Ik-jun Cho 0-0: Called Strike
0-1: Ball
1-1: Ball
2-1: Foul Ball, location: 2F
2-2: SINGLE (Line Drive, 34D, EV 108.1 MPH)
Jaime Soto scores
Jae-seop Byeon to third
Runner from 3rd tries for Home, SAFE, no throw by RF
Pitching: LHP Bradley Roth
Batting: LHB Pedro Marrero 0-0: Swinging Strike
0-1: Ball
1-1: SINGLE (Line Drive, 4MD, EV 94.4 MPH)
Ik-jun Cho to second
Runner from 2nd tries for 3rd, OUT! 8-5
Bottom of the 8th over - 3 runs, 5 hits, 0 errors, 1 left on base; Boston 6 - St. Louis 5
TOP OF THE 9TH
Boston Patriots batting - Pitching for St. Louis Coeur : LHP Denie Ulderink
Batting: RHB Tyler Bowen 0-0: Called Strike
0-1: Called Strike
0-2: Fly out, F7 (Flyball, 78M, EV 83.8 MPH)
Pitching: RHP Colton Moonfall
Batting: RHB Frank Ray 0-0: Called Strike
0-1: Fly out, F5 (Line Drive, 5, EV 70.0 MPH)
Batting: RHB Alfredo Araújo 0-0: Ball
1-0: Ball
2-0: Foul Ball, location: 2F
2-1: Ball
3-1: Base on Balls
Batting: LHB Jorge Herrera 0-0: Ground out 6-3 (Groundball, 4MS, EV 68.1 MPH)
Top of the 9th over - 0 runs, 0 hits, 0 errors, 1 left on base; Boston 6 - St. Louis 5
BOTTOM OF THE 9TH
St. Louis Coeur batting - Pitching for Boston Patriots : LHP Bradley Roth
Batting: RHB Nobuhisa Murakami 0-0: Called Strike
0-1: Fly out, F8 (Line Drive, 8RD, EV 90.0 MPH)
Batting: LHB Harry Cornelis 0-0: Called Strike
0-1: Ball
1-1: Called Strike
1-2: Ball
2-2: Fly out, F8 (Flyball, 8LM, EV 95.6 MPH)
Batting: LHB Qing-nian Zexian 0-0: Ball
1-0: SINGLE (Flyball, 7LD, EV 106.2 MPH)
Batting: RHB Jaime Soto 0-0: Hit by Pitch
Qing-nian Zexian to second
Batting: LHB Jae-seop Byeon 0-0: Ball
1-0: Ball
2-0: Called Strike
2-1: Foul Ball, location: 2F
2-2: Ball
3-2: Strikes out swinging
Bottom of the 9th over - 0 runs, 1 hit, 0 errors, 2 left on base; Boston 6 - St. Louis 5
Friday, March 26th, 2021 - OOTP Baseball 20.8 Build 74